 Dungeon Crawl Stone Soup version 0.26-a0-1033-gd598b01645 (webtiles) character file.

Game seed: 13418558675958209859

108 Morbidden the Conjurer (level 4, 0/32 HPs)
             Began as a Demonspawn Conjurer on Dec 10, 2020.
             Slain by a hobgoblin (3 damage)
             ... led by Robin
             ... on level 3 of the Dungeon.
             The game lasted 00:03:44 (2863 turns).

Morbidden the Conjurer (Demonspawn Conjurer)        Turns: 2863, Time: 00:03:44

Health: 0/32       AC:  6    Str:  7    XL:     4   Next: 58%
Magic:  3/7        EV: 12    Int: 21    God:
Gold:   88         SH:  0    Dex: 11    Spells: 5/8 levels left

rFire    + . .     SeeInvis .   (no weapon)
rCold    + . .     Faith    .   (no shield)
rNeg     . . .     Spirit   .   h - +1 robe {rC+ rF+}
rPois    .         Reflect  .   (no helmet)
rElec    .         Harm     .   (no cloak)
rCorr    .         Rampage  .   f - +0 pair of gloves
Will     .....                  (no boots)
Stlth    ++........             (no amulet)
HPRegen  0.10/turn              (no ring)
MPRegen  0.10/turn              (no ring)

@: no status effects
A: molten scales 1
a: no special abilities


You were on level 3 of the Dungeon.
You visited 1 branch of the dungeon, and saw 3 of its levels.

You collected 88 gold pieces.

Inventory:

Missiles
 d - 8 poisoned darts (quivered)
Armour
 f - a +0 pair of gloves (worn)
 h - a +1 robe of resistance (worn)
Wands
 k - a wand of random effects (15)
Scrolls
 b - a scroll of noise {unknown}
 c - 2 scrolls of identify {unknown}
 e - 2 scrolls of teleportation {unknown}
 g - a scroll of fear {unknown}
 i - a scroll of remove curse {unknown}
 j - a scroll of amnesia {unknown}
Potions
 a - a potion of haste {unknown}
 l - a potion of lignification {unknown}


   Skills:
 * Level 1.4 Fighting
 + Level 2.0 Dodging
 + Level 2.1 Stealth
 + Level 0.1 Unarmed Combat
 * Level 2.6 Spellcasting
 * Level 5.1 Conjurations


You had 5 spell levels left.
You knew the following spells:

 Your Spells              Type           Power        Failure   Level
a - Magic Dart            Conj           ###.         1%          1
b - Searing Ray           Conj           ###...       2%          2

Your spell library contained the following spells:

 Spells                   Type           Power        Failure   Level
 Dazzling Flash           Conj/Hex       ##....       14%         3
 Fulminant Prism          Conj/Hex       ##........   43%         4
 Iskenderun's Mystic Bla  Conj/Tloc      ##......     43%         4


Dungeon Overview and Level Annotations

Branches:
Dungeon (3/15)

Altars:

Annotations:
D:3 Robin


Innate Abilities, Weirdness & Mutations

You are partially covered in molten scales. (AC +2)


Message History

Really walk into that dispersal trap?
You enter a dispersal trap!
The hobgoblin blinks!
The rat blinks!
The goblin blinks! x3; The hobgoblin blinks!
Robin blinks!
The rat blinks!
The goblin blinks!
The hobgoblin blinks!
The goblin blinks!
The hobgoblin blinks!
The goblin blinks!
The quokka blinks!
The hobgoblin blinks!
The goblin blinks! x2; The hobgoblin blinks!
The goblin blinks!
You blink.
The hobgoblin no longer looks unusually strong.
The goblin no longer looks unusually strong.
Robin roars a battlecry!
The goblins go into a battle-frenzy!
The hobgoblin hits you.
* * * LOW HITPOINT WARNING * * *
The hobgoblin closely misses you. Robin throws the goblin at you!
* * * LOW HITPOINT WARNING * * *
You barely miss the goblin.
The goblin no longer looks unusually strong.
The quokka misses you. The hobgoblin hits you.
You die...

#.........g............#
######........#?.....##
#####..g...###§...#.....##
#.......#...........#<###
#.......#.>.....§.g)...#
#.......#..#§.....#)####
#..............§§.#.#
#.......#....gr####[# ##
#.!...g.#..g.gg@g...#...##
#.......##.^.gr..........#
#.......##..g.g######.###.#
#........#.....# ...
#........#.....# ###
###.....$####### #...r..#
## #...g..# ....
#......#######....


You could see Robin, a quokka, 3 hobgoblins, 4 goblins and a rat.

Vanquished Creatures
  6 adders (D:2)
  An ooze (D:2)
  An orc (D:3)
  4 bats
  2 giant cockroaches (D:2)
  8 goblins
  6 hobgoblins
  10 kobolds
  2 ball pythons
  5 frilled lizards
  6 rats
51 creatures vanquished.

Notes
Turn   | Place    | Note
-------+----------+-------------------------------------------
     0 | D:1      | Morbidden the Demonspawn Conjurer began the quest for the
                  | Orb.
     0 | D:1      | Reached XP level 1. HP: 13/13 MP: 3/3
   672 | D:1      | Gained mutation: You are partially covered in molten
                  | scales. (AC +2) [demonic ancestry]
   672 | D:1      | Reached XP level 2. HP: 19/19 MP: 1/5
   822 | D:1      | Learned a level 2 spell: Searing Ray
  1697 | D:2      | Reached skill level 1 in Fighting
  1708 | D:2      | Reached XP level 3. HP: 25/26 MP: 0/6
  2208 | D:2      | Reached skill level 5 in Conjurations
  2208 | D:2      | Reached XP level 4. HP: 32/32 MP: 3/7
  2799 | D:3      | Noticed Robin
  2863 | D:3      | Slain by a hobgoblin

Illustrated notes

Levels and vault maps discovered:
D:1:      nzn_arrival_crosshair, layout_basic
D:2:      layout_loops_ring
D:3:      layout_basic, wander_ebering_terrifying_dragon_lair,
          uniq_crazy_yiuf_cottage, uniq_grinder, uniq_robin

Skill      XL: |  1  2  3  4 |
---------------+-------------+-----
Fighting       | 1 |  1.4
Conjurations   | 5 |  5.1
Stealth        | 2 |  2.1
Dodging        | 2 |  2.0
Unarmed Combat | |  0.1
Spellcasting   | |  2.6

Action                   |  1- 3 |  4- 6 || total
-------------------------+-------+-------++-------
Melee: Unarmed           |    27 |     6 ||    33
 Cast: Magic Dart        |    60 |    17 ||    77
       Searing Ray       |     4 |     1 ||     5
Armor: Robe              |    11 |    11 ||    22
Dodge: Dodged            |    30 |    20 ||    50

Table legend: (Time is in decaauts)
 A = Elapsed time spent in this place.
 B = Non-inter-level travel time spent in this place.
 C = Inter-level travel time spent in this place.
 D = Time resting spent in this place.
 E = Time spent auto-exploring this place.
 F = Levels seen in this place.
 G = Mean time per level.
                   A        B        C        D        E       F      G
               +--------+--------+--------+--------+--------+-----+--------+
         Total |   2862 |   2737 |    125 |    308 |   2051 |   3 |  954.0 |
       Dungeon |   2862 |   2737 |    125 |    308 |   2051 |   3 |  954.0 |
               +--------+--------+--------+--------+--------+-----+--------+

Top non-repeatable levels by time:
     D:1: 1658 daAuts
     D:2: 1140 daAuts
     D:3: 63 daAuts
